 Dungeon Crawl Stone Soup version 0.30-a0-578-gdee14c521f (webtiles) character file.

Game seed: 17864972857983929786

437 Persephone the Skirmisher (level 6, -6/50 HPs)
             Began as a Minotaur Hunter on Jan 1, 2023.
             Mangled by a wyvern (16 damage)
             ... on level 6 of the Dungeon.
             The game lasted 00:04:31 (2202 turns).

Persephone the Skirmisher (Minotaur Hunter)         Turns: 2202, Time: 00:04:32

Health: -6/50      AC:  5    Str: 15    XL:     6   Next: 69%
Magic:  5/5        EV: 12    Int:  6    God:
Gold:   158        SH:  0    Dex: 16    Spells: 5/5 levels left

rFire   . . .      SeeInvis .    a - +0 shortbow
rCold   . . .      Faith    .    (shield currently unavailable)
rNeg    . . .      Spirit   .    c - +0 leather armour
rPois   .          Reflect  .    (helmet restricted)
rElec   .          Harm     .    t - +0 cloak
rCorr   .          Rampage  .    (no gloves)
Will    .....                    l - +0 pair of boots
Stlth   ++                       (no amulet)
HPRegen 0.28/turn                (no ring)
MPRegen 0.09/turn                (no ring)

@: no status effects
A: horns 2, retaliatory headbutt
a: no special abilities


You were on level 6 of the Dungeon.
You visited 1 branch of the dungeon, and saw 6 of its levels.

You collected 158 gold pieces.

Inventory:

Hand Weapons
 a - a +0 shortbow (weapon)
Armour
 c - a +0 leather armour (worn)
 l - a +0 pair of boots (worn)
 t - a +0 cloak (worn)
Scrolls
 b - a scroll of immolation
 g - 2 scrolls of teleportation {unknown}
 j - a scroll of fog {unknown}
 k - a scroll of poison {unknown}
 m - 3 scrolls of vulnerability {unknown}
 p - a scroll of amnesia {unknown}
 r - a scroll of fear {unknown}
Potions
 d - a potion of berserk rage {unknown}
 e - a potion of resistance {unknown}
 f - 2 potions of degeneration {unknown}
 h - a potion of might {unknown}
 i - 2 potions of flight {unknown}
 n - a potion of mutation {unknown}
 o - 2 potions of haste {unknown}
 q - a potion of attraction {unknown}
 s - a potion of heal wounds {unknown}


   Skills:
 - Level 2.4 Fighting
 + Level 8.9 Ranged Weapons
 - Level 2.2 Dodging
 - Level 0.8 Stealth


You had 5 spell levels left.
You didn't know any spells.
Your spell library contained the following spells:

 Spells                   Type           Power      Damage    Failure   Level
 Ignite Poison            Fire/Tmut/Pois 0%         N/A       88%         3
 Kindle Blastsparks       Fire/Tloc/Air  0%         2d10      88%         3
 Freezing Cloud           Conj/Ice/Air   0%         6-21      100%        5


Dungeon Overview and Level Annotations

Branches:
Dungeon (7/15)
 Temple: D:4-7

Altars:

Shops:
D:2 [


Innate Abilities, Weirdness & Mutations

You have a pair of horns on your head.
You reflexively headbutt those who attack you in melee.


Message History

The ice beast hits you. The ice beast freezes you!
Fire: a) +0 shortbow
Press: ? - help, Shift-Dir - straight line, f/p - ice beast
Aim: an ice beast (almost dead, 65% to hit)
You shoot an arrow. The arrow closely misses the ice beast.
The ice beast barely misses you.
Fire: a) +0 shortbow
Press: ? - help, Shift-Dir - straight line, f/p - ice beast
Aim: an ice beast (almost dead, 65% to hit)
You shoot an arrow. The arrow barely misses the ice beast.
The ice beast hits you. The ice beast freezes you!
* * * LOW HITPOINT WARNING * * *
Fire: a) +0 shortbow
Press: ? - help, Shift-Dir - straight line, f/p - ice beast
Aim: an ice beast (almost dead, 65% to hit)
You shoot an arrow.
The arrow hits the ice beast but does no damage.
The ice beast is almost dead.
You hear an angry hiss.
The ice beast barely misses you. You furiously retaliate!
You headbutt the ice beast.
Fire: a) +0 shortbow
Press: ? - help, Shift-Dir - straight line, f/p - ice beast
Aim: an ice beast (almost dead, 65% to hit)
You shoot an arrow. The arrow barely misses the ice beast.
The ice beast hits you but does no damage. x2
Fire: a) +0 shortbow
Press: ? - help, Shift-Dir - straight line, f/p - ice beast
Aim: an ice beast (almost dead, 65% to hit)
You shoot an arrow. The arrow hits the ice beast.
You kill the ice beast!
You hear an angry hiss.
A wyvern comes into view.
Fire: a) +0 shortbow
Press: ? - help, Shift-Dir - straight line, f - wyvern
Aim: a wyvern (65% to hit)
You shoot an arrow. The arrow hits the wyvern!
The wyvern is moderately wounded.
The wyvern bites you!
You die...

#.. ...####
######.# Y......
.....#?####...####
#..............
#.........####.
####.>..###.#
).).......?...#
##.######†#####
#@# .......l#
.####.... #.####
#. #. #


You could see a wyvern.

Vanquished Creatures
  A water moccasin (D:3)
  A sky beast (D:6)
  An ice beast (D:6)
  An orc priest (D:3)
  5 adders
  2 dart slugs (D:2)
  A worm (D:3)
  10 orcs
  4 endoplasms
  A giant cockroach (D:1)
  3 goblins
  4 hobgoblins
  2 jackals (D:3)
  10 kobolds
  4 quokkas
  10 ball pythons
  4 bats
  6 frilled lizards
  5 rats
75 creatures vanquished.

Vanquished Creatures (others)
  4 toadstools (D:1)
4 creatures vanquished.

Grand Total: 79 creatures vanquished

Notes
Turn   | Place    | Note
-------+----------+-------------------------------------------
     0 | D:1      | Persephone the Minotaur Hunter began the quest for the Orb.
     0 | D:1      | Reached XP level 1. HP: 18/18 MP: 0/0
   130 | D:1      | Reached XP level 2. HP: 25/25 MP: 1/1
   159 | D:1      | Reached skill level 5 in Ranged Weapons
   266 | D:1      | Found a faded altar of an unknown god.
   491 | D:2      | Reached XP level 3. HP: 30/30 MP: 2/2
   668 | D:2      | Found Xuno's Armour Shoppe.
   915 | D:2      | Reached skill level 6 in Ranged Weapons
   990 | D:2      | Reached XP level 4. HP: 37/37 MP: 3/3
  1631 | D:3      | Noticed a water moccasin
  1638 | D:3      | Killed a water moccasin
  1639 | D:3      | Reached skill level 7 in Ranged Weapons
  1639 | D:3      | Reached XP level 5. HP: 40/42 MP: 4/4
  2030 | D:3      | Found the +7 staff of the Meek {protect, meekguard}
  2176 | D:4      | You fall into a shaft and drop 3 floors!
  2184 | D:6      | Noticed a sky beast
  2185 | D:6      | Noticed an ice beast
  2193 | D:6      | Killed a sky beast
  2194 | D:6      | Reached skill level 8 in Ranged Weapons
  2194 | D:6      | Reached XP level 6. HP: 50/50 MP: 5/5
  2201 | D:6      | Killed an ice beast
  2201 | D:6      | Noticed a wyvern
  2202 | D:6      | Mangled by a wyvern

Illustrated notes

Levels and vault maps discovered:
D:1:      ldierk_walled_garden_2, layout_rooms, ebering_ecumenical_altar_hall
D:2:      layout_loops_ring, serial_shops, shop, chequers_serial_rivers_marsh,
          minmay_crystal_water, nicolae_eternal_life
D:3:      layout_loops_ring, grunt_ministairs_10,
          hangedman_decor_diamond_cutter, pf_guarded_unrand_meek
D:4:      layout_cave_pools, minmay_temple_entry_mini_moons,
          lightli_sewer_entry_pipes, sigmund_edmund_badplayer,
          uniq_blork_the_orc, uniq_grinder
D:6:      layout_loops_ring, kiku_gazebo_garden_becter
D:7:      layout_cave_pools, fedhas_altar_1, serial_shops, shop,
          kennysheep_small_spiral, lightli_corner_chamber, uniq_joseph

Skill      XL: |  1  2  3  4  5 |
---------------+----------------+-----
Ranged Weapons | 5 6 7 8 |  8.9
Fighting       | |  2.4
Dodging        | |  2.2
Stealth        | |  0.8

Action                   |  1- 3 |  4- 6 || total
-------------------------+-------+-------++-------
 Fire: Shortbow          |   109 |   107 ||   216
Armor: Leather armour    |     6 |     6 ||    12
Dodge: Dodged            |    23 |    30 ||    53

Table legend: (Time is in decaauts)
 A = Elapsed time spent in this place.
 B = Non-inter-level travel time spent in this place.
 C = Inter-level travel time spent in this place.
 D = Time resting spent in this place.
 E = Time spent auto-exploring this place.
 F = Levels seen in this place.
 G = Mean time per level.
                   A        B        C        D        E       F      G
               +--------+--------+--------+--------+--------+-----+--------+
         Total |   2254 |   2084 |    170 |      0 |   1685 |   6 |  375.7 |
       Dungeon |   2254 |   2084 |    170 |      0 |   1685 |   6 |  375.7 |
               +--------+--------+--------+--------+--------+-----+--------+

Top non-repeatable levels by time:
     D:3: 943 daAuts
     D:2: 784 daAuts
     D:1: 488 daAuts
     D:6: 25 daAuts
     D:4: 10 daAuts
     D:7: 2 daAuts
